 Dungeon Crawl Stone Soup version 0.23-a0-650-ga4d50d4d25 (webtiles) character file.

58 Flugkiller the Slasher (level 3, -2/28 HPs)
             Began as a Vampire Chaos Knight on Jan 5, 2019.
             Was a Plaything of Xom.
             Slain by a warg (glowing shapeshifter) (15 damage)
             ... on level 2 of the Dungeon.
             The game lasted 00:02:05 (955 turns).

Flugkiller the Slasher (Vampire Chaos Knight)        Turns: 955, Time: 00:02:06

Health: -2/28      AC:  5    Str: 11    XL:     3   Next: 75%
Magic:  3/3        EV: 12    Int: 14    God:    Xom [...*..]
Gold:   100        SH:  0    Dex: 14    Spells: 2/2 levels left

rFire    . . .     SeeInvis +   a - +0 falchion (chaos)
rCold    . . .     Gourm    .   (no shield)
rNeg     . . .     Faith    .   b - +2 leather armour
rPois    .         Spirit   .   (no helmet)
rElec    .         Reflect  .   (no cloak)
rCorr    .         Harm     .   (no gloves)
MR       .....                  (no boots)
Stlth    +.........             (no amulet)
HPRegen  0.29/turn              (no ring)
MPRegen  0.08/turn              (no ring)

@: regenerating quickly
A: fangs 3, see invisible, unbreathing
a: Renounce Religion


You were on level 2 of the Dungeon.
You worshipped Xom.
You were a favourite toy of Xom.
You were very full.

You visited 1 branch of the dungeon, and saw 2 of its levels.

You collected 100 gold pieces.

Inventory:

Hand Weapons
 a - a +0 falchion of chaos (weapon)
Armour
 b - a +2 leather armour (worn)
Jewellery
 c - a +4 ring of intelligence {unknown}
   (You found it on level 1 of the Dungeon)
 f - a +3 ring of strength {unknown}
   (You found it on level 1 of the Dungeon)
Scrolls
 d - a scroll of enchant armour {unknown}
 h - 2 scrolls of identify {unknown}
 i - a scroll of teleportation {unknown}
 j - a scroll of remove curse
 k - a scroll of random uselessness {unknown}
 l - a scroll of fear {unknown}
Potions
 e - a potion of curing {unknown}
 g - a potion of mutation {unknown}
 q - 4 potions of blood


   Skills:
 - Level 2.6 Fighting
 + Level 4.7 Long Blades
 - Level 0.7 Armour
 - Level 2.1 Dodging


You had 2 spell levels left.
You didn't know any spells.
Your spell library was empty.

Dungeon Overview and Level Annotations

Branches:
Dungeon (2/15)

Altars:


Innate Abilities, Weirdness & Mutations

Your natural rate of healing is unusually fast.
You have razor-sharp teeth.
You have supernaturally acute eyesight. (SInv)
You can survive without breathing.


Message History

The adder closely misses you.
You closely miss the adder. The adder barely misses you.
You closely miss the adder. "Hum-dee-hum-dee-hum..."
The worm changes into a sky beast!
The adder barely misses you.
You riposte.
You hit the adder. You burn the adder. Your bite misses the adder.
The adder is heavily wounded.
The adder bites you but does no damage.
You completely miss the adder.
The adder is heavily wounded.
The adder barely misses you.
You riposte.
You closely miss the adder.
The adder is heavily wounded.
You hit the adder but do no damage.
The adder scowls.
The adder is heavily wounded.
The adder misses you.
You hit the adder. You drain the adder!
The adder is almost dead.
The adder bites you but does no damage. The adder closely misses you.
You riposte.
You hit the adder.
You kill the adder!
You hit the sky beast.
The sky beast is lightly wounded.
The sky beast closely misses you.
You closely miss the sky beast.
The sky beast is lightly wounded.
The sky beast hits you. The sky beast shocks you.
You hit the sky beast.
The sky beast is poisoned.
The sky beast is lightly wounded.
The sky beast hits you.
* * * LOW HITPOINT WARNING * * *
The sky beast shocks you.
* * * LOW HITPOINT WARNING * * *
The sky beast changes into a wyvern!
The wyvern misses you.
Unknown command.
You aren't carrying any items that you can evoke.
Unknown command.
As you read the scroll labeled HYEFISCH UNEST, it crumbles to dust.
You feel blessed for a moment.
It was a scroll of remove curse.
The wyvern changes into a hog!
Unknown command.
You hit the hog.
The hog is poisoned.
The hog is lightly wounded.
The hog changes into a warg!
You hit the warg. You freeze the warg.
The warg is lightly wounded.
The warg bites you!
Ouch! That really hurt!
You die...
Xom snickers!

#.......# #.......#####
............#
#.......###.#########
......#.h.........#
....#@#.#.......###
#.##.#.#..#......# #.#
#......#..#.##.#.# ##.##
#.######....##†# # #...#
#.# #.......# #...#
##.######.......#
#...#######......##########
##........##..###.#
<.........##....#


You could see a warg shaped shifter.

Vanquished Creatures
  2 adders (D:2)
  An ooze (D:1)
  A dart slug (D:1)
  2 leopard geckos (D:1)
  5 bats
  2 giant cockroaches (D:1)
  5 goblins (D:1)
  A hobgoblin (D:1)
  3 jackals (D:1)
  A ball python (D:1)
  3 frilled lizards
  2 kobolds
  4 rats
32 creatures vanquished.

Notes
Turn   | Place    | Note
-------+----------+-------------------------------------------
     0 | D:1      | Flugkiller the Vampire Chaos Knight began the quest for the
                  | Orb.
     0 | D:1      | Reached XP level 1. HP: 17/17 MP: 1/1
   112 | D:1      | Reached XP level 2. HP: 16/23 MP: 2/2
   155 | D:1      | Reached skill level 4 in Long Blades
   237 | D:1      | Reached XP level 3. HP: 28/28 MP: 3/3
   724 | D:1      | XOM: divination: detect creatures
   936 | D:2      | Noticed a sky beast
   936 | D:2      | a worm changed into a sky beast
   936 | D:2      | XOM: polymorph worm -> sky beast
   948 | D:2      | Noticed a wyvern
   948 | D:2      | a sky beast changed into a wyvern
   953 | D:2      | Noticed a hog
   953 | D:2      | a wyvern changed into a hog
   954 | D:2      | Noticed a warg
   954 | D:2      | a hog changed into a warg
   955 | D:2      | Slain by a warg (glowing shapeshifter)

Vault maps used:
D:1:      scummos_arrival_gate, chequers_serial_rivers_large_a,
          wander_ebering_terrifying_dragon_lair
D:2:      minmay_misc_feat_doors, kennysheep_generic_room_2

Skill      XL: |  1  2 |
---------------+-------+-----
Long Blades    | 4 |  4.7
Fighting       | |  2.6
Armour         | |  0.7
Dodging        | |  2.1

Action                   || total
-------------------------++-------
Melee: Falchion          ||    81
       Bite              ||     4
  Use: Potion            ||    10
       Scroll            ||     1
 Stab: Paralysed         ||     2
Armor: Leather armour    ||    30
Dodge: Dodged            ||    69
       Rpst.: Falchion   ||    27

Table legend:
 A = Non-vault XP
 B = Vault XP
 C = Vault XP percentage of total XP
 D = Non-vault monster count
 E = Vault monster count
 F = Vault count percentage of total count
                 A         B        C        D         E       F
            +---------+---------+-------+---------+---------+-------
      Total |      80 |       3 |   3.6 |      31 |       1 |   3.1
            +---------+---------+-------+---------+---------+-------
        D:1 |      49 |       3 |   5.8 |      25 |       1 |   3.8
        D:2 |      31 |       0 |   0.0 |       6 |       0 |   0.0
            +---------+---------+-------+---------+---------+-------
